 Dungeon Crawl Stone Soup version 0.19-a0-1905-ge8b2aad (webtiles) character file.

537151 Geomchi the Executioner (level 24, -40/245 HPs)
             Began as a Minotaur Berserker on Oct 19, 2016.
             Was a High Priest of Trog.
             Annihilated by Tiamat
             ... wielding a +3 glaive of chopping
              (52 damage)
             ... on level 3 of the Realm of Zot on Oct 21, 2016.
             The game lasted 01:32:13 (62623 turns).

Geomchi the Executioner (Minotaur Berserker)       Turns: 62623, Time: 01:32:13

Health: -40/245    AC: 41    Str: 33    XL:     24   Next: 62%
Magic:  22/22      EV: 19    Int:  4    God:    Trog [*****.]
Gold:   3593       SH:  0    Dex: 14    Spells: 0 memorised, 23 levels left

rFire  + . .     SeeInvis .     w - +0 battleaxe (vamp)
rCold  + . .     Gourm    +     A - +7 crystal plate armour
rNeg   . . .     Faith    .     (shield currently unavailable)
rPois  .         Spirit   .     T - +0 hat of Summertime {Dex+3}
rElec  +         Reflect  .     Y - +2 cloak
rCorr  +         Harm     .     y - +2 pair of gloves
MR     ++...                    b - +2 pair of boots {Fly}
Stlth  ..........               H - amulet of Amefo {Gourm +Fly rElec rF+ MR+}
                                n - ring of protection from cold
                                O - ring of resist corrosion

@: exhausted, flying, very slightly contaminated, hasted and slowed
A: retaliatory headbutt, horns 2, deformed body
a: Berserk, Trog's Hand, Brothers in Arms, Burn Spellbooks, Renounce Religion,
Stop Flying
}: 3/15 runes: decaying, serpentine, abyssal


You were on level 3 of the Realm of Zot.
You worshipped Trog.
Trog was extremely pleased with you.
You were very full.

You visited 8 branches of the dungeon, and saw 43 of its levels.
You visited the Abyss 1 time.
You also visited: Labyrinth.

You collected 5230 gold pieces.
You spent 1637 gold pieces at shops.

Inventory:

Hand Weapons
 a - a +3 executioner's axe of venom
 u - a +2 antimagic battleaxe
 w - a +0 vampiric battleaxe (weapon)
Armour
 b - a +2 pair of boots of flying (worn)
 x - a +2 pair of boots of running
 y - a +2 pair of gloves (worn)
 A - a +7 crystal plate armour (worn)
 T - the +0 hat of Summertime (worn) {Dex+3}
   (You found it on level 4 of the Depths)

   It affects your dexterity (+3).
 Y - a +2 cloak (worn)
Jewellery
 g - an uncursed ring of see invisible
 n - a ring of protection from cold (right hand)
 H - the amulet of Amefo (around neck) {Gourm +Fly rElec rF+ MR+}
   (You took it off a minotaur in a labyrinth)

   [amulet of the gourmand]

   It allows you to eat raw meat even when not hungry.
   It protects you from fire.
   It insulates you from electricity.
   It affects your resistance to hostile enchantments.
   It lets you fly.
 O - a ring of resist corrosion (left hand)
 U - an uncursed ring of poison resistance
Wands
 m - a wand of iceblast (11/15)
 I - a wand of teleportation (3/9)
 M - a wand of digging (13/24)
 N - a wand of hasting (2/9)
 P - a wand of disintegration (12/24)
 V - a wand of teleportation (3/9)
Scrolls
 d - 11 scrolls of teleportation
 e - 7 scrolls of identify
 j - 7 scrolls of enchant weapon
 k - 5 scrolls of recharging
 p - 3 scrolls of magic mapping
 q - 13 scrolls of remove curse
 s - 2 scrolls of silence
 J - a scroll of fear
 K - a scroll of fog
 Q - a scroll of holy word
 R - a scroll of blinking
 X - a scroll of summoning
Potions
 l - a potion of cure mutation
 o - 4 potions of brilliance
 r - 14 potions of curing
 t - 4 potions of heal wounds
 v - 2 potions of invisibility
 z - 3 potions of might
 B - 11 potions of lignification
 E - 5 potions of cancellation
 G - 3 potions of haste
 S - a potion of magic
 W - 4 potions of resistance
Comestibles
 c - 20 bread rations {@e1}
 f - 15 meat rations {@e2}
 h - 22 fruits
 i - 2 chunks of flesh {@w0}
 C - 4 beef jerkies
 F - 9 royal jellies
 Z - 2 slices of pizza


   Skills:
 + Level 25.8 Fighting
 + Level 26.2 Axes
 + Level 24.1 Armour
 + Level 20.9 Dodging


You had 23 spell levels left.
You didn't know any spells.

Dungeon Overview and Level Annotations

Branches:
Dungeon (15/15)            Temple (0/1) D:5            Lair (6/6) D:8
  Swamp (4/4) Lair:3        Snake (4/4) Lair:3        Slime (0/5) Lair:6
    Orc (2/2) D:12            Elf (0/3) Orc:2        Vaults (4/5) D:14
  Crypt (0/3) Vaults:3     Depths (5/5) D:15            Zot (3/5) Depths:5

Altars:
Ashenzari
Nemelex Xobeh
Okawaru
Sif Muna
Zin
The Shining One
Beogh

Shops:
D:4 !   D:9 %!%([   Orc:2 *?*}*

Portals:
Hell: Depths:1 Depths:2 Depths:3 Depths:4 Depths:5
Abyss: Depths:2 Depths:4
Pandemonium: Depths:3 Depths:4
Ziggurat: Depths:1
Trove: D:14 (lose all piety)

Annotations:
D:6 exclusion: oklob plant
D:8 exclusion: door
Lair:6 exclusion: 5 oklob plants
Snake:2 exclusion: oklob plant
Depths:2 exclusion: 2 statues
Depths:3 the Enchantress
Zot:3 Tiamat


Innate Abilities, Weirdness & Mutations

You reflexively headbutt those who attack you in melee.
You have a pair of horns on your head.
Armour fits poorly on your strangely shaped body.


Message History

Tiamat barely misses you.
The black draconian hits you but does no damage.
The white draconian zealot hits you but does no damage.
You regained 12 hp, and now have 76/245 hp.
You slice Tiamat!!
You feel better.
Your headbutt misses Tiamat. You slash the white draconian zealot!
You hit the black draconian.
You feel better.
Tiamat hits you with a glaive of chopping!!!
* * * LOW HITPOINT WARNING * * *
x2 Tiamat tail-slaps you.
* * * LOW HITPOINT WARNING * * *
You take 58 damage, and have 18/245 hp.
MASSIVE DAMAGE!!
You hit Tiamat.
You feel better.
You headbutt Tiamat, but do no damage.
You completely miss the white draconian zealot.
You hit the black draconian but do no damage.
The black draconian breathes lightning at you.
The bolt of lightning hits you! You resist.
* * * LOW HITPOINT WARNING * * *
Tiamat hits you with a glaive of chopping!!!
You die...

*,,,***** ##### **
*******,,,,,,,*
###...### *,
*,,,*,,,,,,,,,*
#....[..#####**,
*,,,,,,,,,,,,,*
#............,,,
*,,,,,,,*******
#...<........,,,
****,,,*###,,,*
##...#...#####***
**,,,d..d,,*##...######
**,,.....,##d).##
**,......#q@)##
**.......d)##
*,........##
*****,.......##
*,,,,,......#*
*,,,,,......**
*********
*,,,,,....##,**
*,,*,,,,,
**,,,,,....***,**
*>,*,,,,, **,,,,,*...,*
**,** *,,**++**


You could see Tiamat (berserk), a black draconian and a white draconian zealot.

Vanquished Creatures
  A juggernaut (Depths:5)
  Vashnia (Snake:2)
  10 caustic shrikes
  3 golden dragons
  2 bone dragons (Depths:5)
  Jorgrun (Depths:5)
  An electric golem (Zot:3)
  5 liches
  7 tentacled monstrosities
  Rupert (Lair:5)
  A titan (Depths:4)
  4 quicksilver dragons
  3 sphinxes
  4 death cobs
  3 shadow dragons (Zot:1)
  Donald (Swamp:2)
  2 tengu reavers
  2 thorn hunters (Swamp:4)
  5 storm dragons
  Kirke (Swamp:2)
  9 fire giants
  10 nagarajas
  2 deep elf sorcerers (Vaults:4)
  9 vault wardens
  2 balrugs (Abyss:3)
  9 frost giants
  Aizul (Swamp:2)
  5 draconian scorchers
  5 draconian shifters
  3 draconian zealots
  3 deep elf elementalists (Depths:4)
  3 spriggan defenders (Depths:3)
  5 draconian annihilators
  3 draconian callers
  A war gargoyle (Vaults:1)
  11 ironheart preservers
  12 stone giants
  45 very ugly things
  3 green draconians
  4 white draconians
  2 vampire knights
  A deep elf demonologist (Depths:2)
  3 yellow draconians
  A deep elf annihilator (Depths:2)
  2 mottled draconians
  10 red draconians
  4 black draconians
  10 spark wasps
  5 purple draconians
  10 ettins
  Josephine (Orc:1)
  2 blizzard demons (Abyss:3)
  11 yaktaur captains
  11 fire dragons
  A minotaur (Lab)
  18 naga warriors
  3 merfolk impalers
  4 great orbs of eyes
  Harold (Lair:2)
  8 ice dragons
  Erolcha (D:9)
  6 vault guards
  6 rakshasas
  4 spriggan air magi
  4 centaur warriors
  26 hydras
  2 catoblepae
  4 ghost crabs (Swamp:4)
  An anaconda (shapeshifter) (Vaults:3)
  14 anacondas
  7 alligators
  15 ogre magi
  18 deep troll shamans
  6 orc high priests
  A death knight (Vaults:2)
  18 naga sharpshooters
  2 vampire magi
  15 deep troll earth magi
  A titan zombie (D:13)
  6 sun demons
  4 spriggan berserkers
  8 shock serpents
  5 deep elf knights
  Nergalle (Orc:1)
  14 tengu warriors
  A soul eater (Depths:3)
  8 iron trolls
  A shadow wraith (Vaults:3)
  3 salamander mystics
  5 skeletal warriors
  2 wretched stars
  A sixfirhy (Depths:3)
  3 wizards
  A spatial maelstrom (Abyss:3)
  4 unseen horrors
  4 naga ritualists
  2 shadow demons (Depths:2)
  8 swamp dragons
  2 spriggan druids
  42 deep trolls
  10 sea snakes
  3 glowing orange brains
  A shadow dragon zombie (Abyss:3)
  An unseen horror (shapeshifter) (Vaults:3)
  4 deep elf archers
  19 hill giants
  3 shambling mangroves
  5 harpies (Vaults:4)
  8 necromancers
  8 ironbrand convokers
  16 orc knights
  44 ugly things
  6 mana vipers
  A tengu skeleton (Vaults:1)
  2 salamanders (shapeshifter)
  A wolf spider (Vaults:4)
  12 orc sorcerers
  10 deep elf magi
  10 cyclopes
  Maurice (D:9)
  22 salamanders
  8 guardian serpents
  5 elephants (Lair:5)
  8 moths of wrath
  14 human skeletons
  13 vault sentinels
  Joseph (D:9)
  33 black mambas
  2 gargoyles
  16 naga magi
  Psyche (D:8)
  4 smoke demons
  15 spiny frogs
  The ghost of Naow the Covert, a novice SpEn of Dithmenos (D:8)
  66 yaktaurs
  2 kobold demonologists (Depths:2)
  A yaktaur (shapeshifter) (Depths:2)
  4 tengu conjurers
  A redback zombie (D:15)
  7 freezing wraiths
  An ice devil (Depths:3)
  7 komodo dragons
  10 trolls
  A meliai (shapeshifter) (Depths:4)
  A troll (shapeshifter) (Depths:2)
  8 tyrant leeches
  25 two-headed ogres
  Prince Ribbit (D:8)
  A wolf spider simulacrum (D:13)
  15 hornets
  A two-headed ogre (shapeshifter) (Depths:4)
  A wind drake (shapeshifter) (Vaults:1)
  12 hippogriffs
  29 slime creatures
  A fire giant simulacrum (Vaults:3)
  19 blink frogs
  11 bog bodies
  5 raiju (Abyss:3)
  5 dream sheep (Lair:6)
  11 spriggans
  2 air elementals (Depths:5)
  A redback (shapeshifter) (Vaults:4)
  4 shadows
  A centaur simulacrum (D:15)
  4 water elementals
  6 wraiths
  3 hogs (Swamp:2)
  22 humans
  An ettin skeleton (Vaults:4)
  A steam dragon (Lair:3)
  A wyvern (Lair:2)
  A golden eye (shapeshifter) (Vaults:1)
  11 yaks
  4 basilisks
  A hill giant zombie (D:13)
  3 hungry ghosts
  10 vampire mosquitoes
  5 mottled dragons
  12 insubstantial wisps
  5 wargs
  55 nagas
  3 soldier ants
  A spatial vortex (Abyss:3)
  15 swamp worms
  14 water moccasins
  A floating eye (shapeshifter) (Vaults:2)
  12 porcupines
  A hell hound (Lair:6)
  43 orc warriors
  13 swamp drakes
  A black bear (D:6)
  3 sky beasts
  3 eyes of draining
  9 ice beasts
  2 necrophages
  17 wolves
  3 phantoms
  18 centaurs
  66 ogres
  An elf skeleton (Vaults:1)
  29 boggarts
  4 crocodiles
  An orc skeleton (Vaults:1)
  A big kobold (D:8)
  7 earth elementals (D:15)
  23 bullfrogs
  2 cyclops zombies (D:13)
  3 human zombies
  A deep troll simulacrum (Vaults:4)
  2 glowing shapeshifter simulacra
  A small abomination (Abyss:3)
  5 scorpions
  A water moccasin skeleton (D:5)
  A wyvern skeleton (D:8)
  23 wights
  15 killer bees
  13 electric eels
  2 howler monkeys
  A lava snake (Lair:3)
  10 crimson imps
  10 centaur skeletons
  10 hounds
  5 quasits
  4 centaur zombies
  10 jellies
  A gnoll shaman (D:10)
  37 orc wizards
  20 orc priests
  3 iguanas
  4 iron imps
  A bullfrog skeleton (D:11)
  6 lightning spires (Abyss:3)
  14 worker ants
  A hound zombie (D:9)
  Robin (D:2)
  A worker ant zombie (D:9)
  9 gnolls
  A howler monkey skeleton (D:7)
  12 adders
  4 shadow imps
  A white imp (Depths:3)
  An ufetubus (Depths:3)
  11 oozes
  An adder zombie (D:8)
  2 worms
  2 dart slugs (D:2)
  8 leopard geckos
  89 orcs
  2 giant cockroaches (D:2)
  18 goblins
  7 hobgoblins
  12 jackals
  2 quokkas
  6 bats
  5 frilled lizards
  15 kobolds
  5 rats
  3 fungi
  5 plants
2014 creatures vanquished.

Vanquished Creatures (collateral kills)
  The ghost of kuniqs the Commander, a legendary MfGl of Okawaru (Zot:2)
  A death cob (Zot:2)
  A frost giant (Depths:4)
  A draconian annihilator (Zot:2)
  A green draconian (Zot:2)
  A deep troll shaman (Depths:4)
  2 naga sharpshooters (Snake:1)
  A sea snake (Snake:4)
  A moth of wrath (Zot:2)
  A guardian serpent (Snake:4)
  A naga (Snake:1)
  2 electric eels (D:8)
14 creatures vanquished.

Vanquished Creatures (others)
  A thorn hunter (Swamp:4)
  A draconian knight (Zot:1)
  A fire dragon (Depths:3)
  A hydra (Swamp:4)
  A swamp dragon (Swamp:4)
  A naga mage (Snake:2)
  A slime creature (Vaults:1)
  3 boggarts
  An ogre (Depths:4)
  A ball lightning (Swamp:1)
  6 briar patches (Swamp:4)
  3 fungi
  4 plants
25 creatures vanquished.

Grand Total: 2053 creatures vanquished

Notes
Turn   | Place    | Note
-------+----------+-------------------------------------------
     0 | D:1      | Geomchi the Minotaur Berserker began the quest for the Orb.
     0 | D:1      | Reached XP level 1. HP: 19/19 MP: 0/0
    64 | D:1      | Reached skill level 4 in Axes
    64 | D:1      | Reached XP level 2. HP: 26/27 MP: 1/1
   712 | D:1      | Reached ** piety under Trog
   712 | D:1      | Reached XP level 3. HP: 34/34 MP: 2/2
   852 | D:2      | Noticed Robin
   862 | D:2      | Killed Robin
   869 | D:2      | Reached skill level 5 in Axes
  1084 | D:2      | Reached XP level 4. HP: 41/41 MP: 3/3
  1633 | D:3      | Found a faded altar of an unknown god.
  1696 | D:3      | Reached *** piety under Trog
  1745 | D:3      | Found a deep blue altar of Sif Muna.
  1874 | D:3      | Reached skill level 5 in Fighting
  2010 | D:3      | Found an iron altar of Okawaru.
  2215 | D:3      | Reached skill level 6 in Axes
  2215 | D:3      | Reached XP level 5. HP: 41/48 MP: 4/4
  2658 | D:4      | Noticed an ogre
  2663 | D:4      | Killed an ogre
  2663 | D:4      | Reached XP level 6. HP: 57/57 MP: 5/5
  2713 | D:4      | Reached skill level 7 in Axes
  2892 | D:4      | Identified a +2 pair of boots of running (You found it on level 4 of the Dungeon)
  3090 | D:4      | Found Jon Bome's Distillery.
  3102 | D:4      | Bought a potion of heal wounds for 55 gold pieces
  3102 | D:4      | Bought a potion of might for 44 gold pieces
  3102 | D:4      | Bought a potion of curing for 33 gold pieces
  3102 | D:4      | Bought a potion of resistance for 110 gold pieces
  3316 | D:5      | Entered Level 5 of the Dungeon
  3322 | D:5      | Found a staircase to the Ecumenical Temple.
  3428 | D:5      | Reached skill level 8 in Axes
  3428 | D:5      | Reached XP level 7. HP: 28/64 MP: 6/6
  4112 | D:5      | Reached skill level 9 in Axes
  4232 | D:6      | Noticed a human
  4236 | D:6      | Noticed a human
  4238 | D:6      | Reached **** piety under Trog
  4239 | D:6      | Noticed a human
  4314 | D:5      | Killed a human
  4339 | D:6      | Killed a human
  4339 | D:6      | Reached XP level 8. HP: 74/74 MP: 7/7
  4401 | D:6      | Reached skill level 10 in Axes
  4598 | D:6      | Reached skill level 11 in Axes
  5113 | D:6      | Reached XP level 9. HP: 32/83 MP: 8/8
  5492 | D:6      | Reached skill level 12 in Axes
  5572 | D:6      | Noticed an oklob plant
  5869 | D:7      | Reached ***** piety under Trog
  6074 | D:7      | Reached skill level 10 in Fighting
  6232 | D:7      | Reached skill level 13 in Axes
  6427 | D:8      | Received a gift from Trog
  6451 | D:8      | Noticed Naow's ghost (novice SpEn)
  6472 | D:8      | Killed Naow's ghost
  6479 | D:8      | Reached XP level 10. HP: 94/94 MP: 3/9
  6665 | D:8      | Reached skill level 5 in Armour
  6903 | D:8      | Noticed Prince Ribbit
  6913 | D:8      | Killed Prince Ribbit
  7310 | D:8      | Reached skill level 14 in Axes
  7632 | D:8      | Noticed Psyche
  7638 | D:8      | Killed Psyche
  8238 | D:8      | Found a deep blue altar of Sif Muna.
  8655 | D:9      | Found Lech's Food Shop.
  8701 | D:9      | Found a shattered altar of Ashenzari.
  8873 | D:9      | Found Hijetiepn's Armour Shoppe.
  8892 | D:9      | Found Buniug's Antique Weapon Emporium.
  8898 | D:9      | Noticed Joseph
  8906 | D:9      | Killed Joseph
  8985 | D:9      | Noticed Erolcha
  8990 | D:9      | Killed Erolcha
  8990 | D:9      | Reached skill level 15 in Axes
  8990 | D:9      | Reached XP level 11. HP: 78/102 MP: 10/10
  9170 | D:9      | Noticed Maurice
  9189 | D:9      | Killed Maurice
  9271 | D:9      | Found Oxisti's Food Shop.
  9271 | D:9      | Found Ucawanar's Distillery.
  9502 | D:9      | Received a gift from Trog
  9593 | D:10     | Entered Level 10 of the Dungeon
  9648 | D:10     | HP: 7/156 [cyclops (21)]
 10111 | D:10     | Identified the Papyrus of Unholy Arts and Dislocation
 10896 | D:11     | Noticed a green ugly thing
 10898 | D:11     | Reached ****** piety under Trog
 10915 | D:10     | Killed a green ugly thing
 11286 | D:11     | Reached skill level 16 in Axes
 11292 | D:11     | Noticed an unseen horror
 11298 | D:11     | Noticed a brown ugly thing
 11299 | D:11     | Killed an unseen horror
 11302 | D:11     | Noticed an unseen horror
 11307 | D:11     | Killed a brown ugly thing
 11309 | D:11     | Killed an unseen horror
 11601 | D:11     | Received a gift from Trog
 11809 | D:11     | Noticed a five-headed hydra
 11817 | D:11     | Killed an eight-headed hydra
 12398 | D:12     | Reached XP level 12. HP: 108/113 MP: 11/11
 12501 | D:12     | Found a staircase to the Orcish Mines.
 12855 | Orc:1    | Entered Level 1 of the Orcish Mines
 12858 | Orc:1    | Noticed Josephine
 12859 | Orc:1    | Noticed Nergalle
 12869 | Orc:1    | Killed Josephine
 12873 | Orc:1    | Reached skill level 17 in Axes
 12875 | Orc:1    | Killed Nergalle
 12875 | Orc:1    | Reached skill level 10 in Armour
 13142 | Orc:1    | Found a roughly hewn altar of Beogh.
 13323 | Orc:2    | Entered Level 2 of the Orcish Mines
 13340 | Orc:2    | Received a gift from Trog
 13790 | Orc:2    | Found Bibischuh's Assorted Antiques.
 13800 | Orc:2    | Bought 2 potions of heal wounds for 300 gold pieces
 14047 | Orc:2    | Found a runed door.
 14104 | Orc:2    | Received a gift from Trog
 14105 | Orc:2    | Got an ichor-stained arbalest {god gift}
 14131 | Orc:2    | Found Fapra's Assorted Antiques.
 14144 | Orc:2    | Noticed an orc high priest
 14147 | Orc:2    | Noticed an orc high priest
 14151 | Orc:2    | Killed an orc high priest
 14155 | Orc:2    | Killed an orc high priest
 14155 | Orc:2    | Reached skill level 18 in Axes
 14159 | Orc:2    | Noticed an orc high priest
 14169 | Orc:2    | Killed an orc high priest
 14175 | Orc:2    | Noticed an orc high priest
 14178 | Orc:2    | Found a staircase to the Elven Halls.
 14613 | Orc:2    | Reached skill level 5 in Dodging
 14613 | Orc:2    | Reached XP level 13. HP: 99/124 MP: 12/12
 14911 | Orc:2    | Received a gift from Trog
 15317 | Orc:2    | Found Uchudgh's Gadget Shoppe.
 15329 | Orc:2    | Found Higraef's General Store.
 15331 | Orc:2    | Found Ovisithra's Magic Scroll Shop.
 15360 | Orc:2    | Bought a scroll of blinking for 135 gold pieces
 15360 | Orc:2    | Bought a scroll of identify for 36 gold pieces
 15360 | Orc:2    | Bought a scroll of blinking for 135 gold pieces
 15372 | Orc:2    | Bought a scroll of teleportation for 87 gold pieces
 15372 | Orc:2    | Bought a scroll of identify for 58 gold pieces
 15480 | Orc:2    | Found a roughly hewn altar of Beogh.
 15646 | D:8      | Found a staircase to the Lair.
 15858 | Lair:1   | Entered Level 1 of the Lair of Beasts
 16858 | Lair:2   | Noticed Harold
 16877 | Lair:2   | Killed Harold
 16991 | Lair:2   | Reached skill level 19 in Axes
 18246 | Lair:3   | Found a staircase to the Snake Pit.
 18412 | Lair:3   | Received a gift from Trog
 18540 | Lair:3   | Identified a scroll of acquirement
 18899 | Lair:3   | Reached skill level 15 in Fighting
 19009 | Lair:3   | Found a staircase to the Swamp.
 20319 | Lair:5   | Noticed Rupert
 20320 | Lair:5   | Paralysed by Rupert for 4 turns
 20333 | Lair:5   | Killed Rupert
 20333 | Lair:5   | Reached XP level 14. HP: 84/135 MP: 13/13
 20719 | Lair:5   | Reached skill level 20 in Axes
 20727 | Lair:5   | Received a gift from Trog
 21160 | Lair:6   | Entered Level 6 of the Lair of Beasts
 21303 | Lair:6   | Found a labyrinth entrance.
 21368 | Lab      | Entered a labyrinth
 21584 | Lab      | Got a coiled silver amulet
 21585 | Lab      | Identified the amulet of Amefo {Gourm +Fly rElec rF+ MR+} (You took it off a minotaur in a labyrinth)
 21596 | Lab      | Got a crude bone amulet
 21628 | Lair:6   | Identified the amulet of the Falcon {Gourm rElec rF- Dex+2} (You found it in a labyrinth)
 22396 | Lair:6   | Found a staircase to the Slime Pits.
 23578 | D:13     | Noticed a frost giant
 23580 | D:13     | Reached skill level 21 in Axes
 23585 | D:13     | Killed a frost giant
 24338 | D:14     | Received a gift from Trog
 24409 | D:14     | Reached XP level 15. HP: 125/144 MP: 14/14
 24480 | D:14     | Found a gate to the Vaults.
 24927 | D:14     | Found a portal to a secret trove of treasure.
 25338 | D:14     | Found a sparkling altar of Nemelex Xobeh.
 25805 | D:15     | Entered Level 15 of the Dungeon
 26137 | D:15     | Reached skill level 22 in Axes
 26536 | D:15     | Received a gift from Trog
 26852 | D:15     | Found a staircase to the Depths.
 27714 | Snake:1  | Entered Level 1 of the Snake Pit
 28229 | Snake:1  | Reached XP level 16. HP: 155/155 MP: 15/15
 28233 | Snake:1  | Received a gift from Trog
 29767 | Snake:1  | Upgraded the game from 0.19-a0-1896-g611e798 to 0.19-a0-1899-g2d93087
 30401 | Snake:2  | Noticed Vashnia
 30449 | Snake:2  | Killed Vashnia
 30461 | Snake:2  | Received a gift from Trog
 30923 | Snake:2  | Found a glowing silver altar of Zin.
 31061 | Snake:2  | Reached skill level 23 in Axes
 31104 | Snake:2  | Reached skill level 15 in Armour
 31397 | Snake:2  | Reached skill level 10 in Dodging
 32791 | Snake:3  | Reached XP level 17. HP: 166/166 MP: 16/16
 33259 | Snake:4  | Entered Level 4 of the Snake Pit
 33735 | Snake:4  | Received a gift from Trog
 35548 | Snake:4  | Received a gift from Trog
 36552 | Snake:4  | Got a serpentine rune of Zot
 37304 | Swamp:1  | Entered Level 1 of the Swamp
 37728 | Swamp:1  | Reached XP level 18. HP: 176/176 MP: 17/17
 38221 | Swamp:2  | Noticed Kirke
 38221 | Swamp:2  | Noticed Aizul
 38247 | Swamp:2  | Killed Kirke
 38249 | Swamp:2  | Killed Aizul
 38608 | Swamp:2  | Noticed Donald
 38621 | Swamp:2  | Killed Donald
 39721 | Swamp:3  | Found a frozen archway.
 40044 | Swamp:4  | Entered Level 4 of the Swamp
 40085 | Swamp:4  | Received a gift from Trog
 41612 | Swamp:4  | Got a decaying rune of Zot
 42011 | Vaults:1 | Entered Level 1 of the Vaults
 42452 | Vaults:1 | Got an ichor-stained plate armour
 42467 | Vaults:1 | Identified the +0 plate armour of Upasimn {rCorr} (You acquired it on level 1 of the Vaults)
 42637 | Vaults:1 | Reached XP level 19. HP: 176/187 MP: 18/18
 43391 | Vaults:2 | Received a gift from Trog
 44383 | Vaults:2 | Received a gift from Trog
 44393 | Vaults:2 | Reached skill level 15 in Dodging
 44516 | Vaults:2 | HP: 6/189 [stone giant[a boggart] (34)]
 45260 | Vaults:2 | Paralysed by a floating eye for 4 turns
 45288 | Vaults:2 | Received a gift from Trog
 45904 | Vaults:3 | Noticed a lich
 45912 | Vaults:3 | Killed a lich
 45948 | Vaults:3 | Found a staircase to the Crypt.
 46186 | Vaults:3 | Found a magical portal.
 46528 | Vaults:3 | Received a gift from Trog
 46597 | Vaults:3 | Reached XP level 20. HP: 192/200 MP: 19/19
 47563 | Vaults:4 | Received a gift from Trog
 47595 | Vaults:4 | Got an encrusted battleaxe {god gift}
 47596 | Vaults:4 | Identified the +5 battleaxe "Errut" {flame, *Rage +Rage Int+8 Dex+4} (Trog gifted it to you on level 4 of the Vaults)
 47957 | Vaults:4 | Received a gift from Trog
 48711 | Depths:1 | Entered Level 1 of the Depths
 48739 | Depths:1 | Received a gift from Trog
 49001 | Depths:1 | Found a glowing golden altar of the Shining One.
 49272 | Depths:1 | Reached XP level 21. HP: 210/210 MP: 20/20
 49608 | Depths:1 | Found a gateway to Hell.
 50326 | Depths:1 | Found a gateway to a ziggurat.
 50628 | Depths:2 | Received a gift from Trog
 51011 | Depths:2 | Found a one-way gate to the infinite horrors of the Abyss.
 51200 | Depths:2 | Found a deep blue altar of Sif Muna.
 51279 | Depths:2 | Gained mutation: Armour fits poorly on your strangely shaped body. [a shining eye]
 51333 | Depths:2 | Got a translucent sapphire amulet
 51334 | Depths:2 | Identified the amulet "Hiquf" {RegenMP Slay+2} (You took it off a deep elf demonologist on level 2 of the Depths)
 51559 | Depths:2 | Reached skill level 24 in Axes
 52085 | Depths:2 | Received a gift from Trog
 52875 | Depths:3 | Found a one-way gate leading to the halls of Pandemonium.
 53921 | Depths:3 | Received a gift from Trog
 53932 | Depths:3 | Got a steaming battleaxe {god gift}
 53933 | Depths:3 | Identified the +9 battleaxe "Killer Bee's Doom" {chaos, rC+ Int+5} (Trog gifted it to you on level 3 of the Depths)
 54031 | Depths:3 | Noticed the Enchantress
 54443 | Depths:4 | Reached XP level 22. HP: 200/221 MP: 21/21
 55418 | Depths:4 | Noticed a caustic shrike
 55419 | Depths:4 | Noticed a caustic shrike
 55420 | Depths:4 | Noticed a caustic shrike
 55420 | Depths:4 | Noticed a caustic shrike
 55421 | Depths:4 | Noticed a caustic shrike
 55421 | Depths:4 | Noticed a caustic shrike
 55422 | Depths:4 | Noticed a caustic shrike
 55422 | Depths:4 | Noticed a caustic shrike
 55423 | Depths:4 | Noticed a caustic shrike
 55423 | Depths:4 | Noticed a caustic shrike
 55445 | Depths:4 | Killed a caustic shrike
 55470 | Depths:4 | Killed a caustic shrike
 55819 | Depths:4 | Noticed a golden dragon
 55841 | Depths:4 | Killed a golden dragon
 55849 | Depths:4 | HP: 7/222 [frost giant/bolt of cold (20)]
 56200 | Depths:4 | Killed a caustic shrike
 56207 | Depths:4 | Killed a caustic shrike
 56215 | Depths:4 | Killed a caustic shrike
 56236 | Depths:3 | Killed a caustic shrike
 56444 | Depths:3 | Received a gift from Trog
 56688 | Depths:3 | Killed a caustic shrike
 56734 | Depths:4 | Killed a caustic shrike
 56736 | Depths:4 | Killed a caustic shrike
 56786 | Depths:4 | Killed a caustic shrike
 56934 | Depths:4 | Got a warped hat
 56945 | Depths:4 | Identified the +0 hat of Summertime {Dex+3} (You found it on level 4 of the Depths)
 57401 | Depths:4 | Reached skill level 25 in Axes
 57439 | Depths:4 | Received a gift from Trog
 57777 | Depths:4 | Upgraded the game from 0.19-a0-1899-g2d93087 to 0.19-a0-1905-ge8b2aad
 57779 | Depths:5 | Entered Level 5 of the Depths
 57816 | Depths:5 | Reached XP level 23. HP: 219/232 MP: 22/22
 57935 | Depths:5 | Noticed Jorgrun
 57944 | Depths:5 | Killed Jorgrun
 58258 | Depths:5 | Received a gift from Trog
 58283 | Depths:5 | Got a shimmering battleaxe {god gift}
 58287 | Depths:5 | Identified the +8 battleaxe of Honesty {freeze, rN+ MR+ Int+4} (Trog gifted it to you on level 5 of the Depths)
 58420 | Depths:5 | Noticed a juggernaut
 58437 | Depths:5 | Killed a juggernaut
 58860 | Depths:5 | Found a gate to the Realm of Zot.
 59313 | Depths:4 | Voluntarily entered the Abyss.
 59467 | Abyss:3  | Got an abyssal rune of Zot
 59575 | Depths:4 | Escaped the Abyss
 59888 | D:9      | Bought a potion of cure mutation for 350 gold pieces
 59888 | D:9      | Bought a potion of heal wounds for 70 gold pieces
 59888 | D:9      | Bought a potion of curing for 42 gold pieces
 59888 | D:9      | Bought a potion of curing for 42 gold pieces
 59888 | D:9      | Bought a potion of resistance for 140 gold pieces
 60167 | Zot:1    | Entered Level 1 of the Realm of Zot
 60388 | Zot:1    | Reached XP level 24. HP: 242/243 MP: 22/22
 61167 | Zot:2    | Noticed kuniqs's ghost (legendary MfGl)
 61192 | Zot:2    | Reached skill level 26 in Axes
 61199 | Zot:2    | Received a gift from Trog
 62012 | Zot:2    | Killed kuniqs's ghost
 62593 | Zot:3    | Noticed Tiamat
 62623 | Zot:3    | HP: 12/245 [black draconian/bolt of lightning[Tiamat] (7)]
 62623 | Zot:3    | Annihilated by Tiamat

Vault maps used:
D:1:      lightli_arrival_lavapool, kennysheep_boxes
D:2:      serial_forest, infiniplex_forest_pool, infiniplex_forest_lined_2,
          infiniplex_forest_lined_corner, infiniplex_forest_lined_2,
          infiniplex_forest_end_1, infiniplex_forest_end_3,
          infiniplex_forest_end_3, infiniplex_forest_straight_2,
          kennysheep_generic_room_10, uniq_robin
D:3:      marbit_many_paths, okawaru_ov_weapons_minmay, ecumenical_altar_1,
          eino_curves_03
D:4:      serial_shops, shop, first_bread
D:6:      lemuel_slime, minmay_ruffians
D:8:      erik_lair_island, hangedman_pestilent_swarm, led_sif_book,
          uniq_prince_ribbit1, uniq_psyche
D:9:      evilmike_ruin_ashenzari, serial_shops, nicolae_shop_statue_plus, shop,
          nicolae_shop_crystal, shop, kennysheep_mini_moat, uniq_erolcha,
          uniq_joseph, uniq_maurice
D:11:     hex_large
D:12:     orc_0_dummy
D:13:     giant_chief_lemuel
D:14:     grunt_vaults_entry_tiered, hangedman_decor_peaks_small, enter_trove_5,
          basic_altar
D:15:     grunt_enter_depths_magical_seal, roderic_bali_sauvastika,
          hangedman_cracks_in_the_wall
Lair:1:   st_stairs_5
Lair:2:   beast_lair_carwin_5, serial_bayou_shore_a, grunt_megastairs_2,
          uniq_harold
Lair:3:   swamp_mist, dummy_snake_entry
Lair:4:   grunt_megastairs_4
Lair:5:   uniq_rupert
Lair:6:   cheibrodos_lair_end_hotspot, minmay_slime_entry_oklob_open,
          lab_entry_generic
Swamp:1:  hangedman_swamp_ruin_hall
Swamp:2:  serial_swamp_ruin, hangedman_swamp_ruin_wall,
          evilmike_swamp_ruin_house_5, swamp_pool4, uniq_kirke, uniq_aizul,
          uniq_donald
Swamp:3:  portal_ice_cave_entry_pillars_three, hangedman_swamp_cone, swamp_pool4
Swamp:4:  swamp_basic_johnstein
Snake:1:  serial_bayou_lake_a
Snake:2:  st_stairs_5, stair_cage_open, lemuel_oklob_altar, uniq_vashnia
Snake:3:  grunt_megastairs_3
Snake:4:  grunt_snake_rune_pools, spider_trap, nicolae_snake_biting_tails
Orc:1:    nicolae_orc_lost_temple, uniq_josephine, uniq_nergalle
Orc:2:    st_orc_elflike, serial_shops, nicolae_shop_trees,
          lightli_church_of_beogh
Vaults:1: vaults_dpeg_spiral, kb_rosetta, vaults_room_grunt_arrival_ludios,
          hangedman_vaults_maws, ontoclasm_vaults_pinch, vaults_room_pool,
          vaults_room_hallway, vaults_dpeg_ring
Vaults:2: ontoclasm_vaults_bender, vaults_standard_mumra_enter_the_diamond,
          v_misc_31, v_misc_16, hangedman_vaults_maws, nicolae_vaults_theta,
          nicolae_vaults_network_star, v_misc_9, nicolae_vaults_rhombus_6,
          dpeg_vaults_monster_box
Vaults:3: grunt_vaults_bifocal, grunt_vaults_swirl,
          hangedman_vaults_corner_blocks, minmay_crypt_entry_nasty_monster,
          grunt_vaults_twisty, vaults_room_door_ring,
          ontoclasm_vaults_loading_screen, vaults_room_corners, v_misc_19,
          vaults_room_fours, nicolae_vaults_alarming,
          infiniplex_enter_wizlab_glasses
Vaults:4: v_pattern_2, vaults_room_octagon, v_misc_26, dpeg_vaults_monster_row,
          hangedman_vaults_nails, v_misc_10, v_alt_pattern_6
Depths:1: ziggurat_fallback, tso_altar, grunt_hell_entry_dis_old,
          hangedman_abyss_or_decor_clamps, hangedman_decor_lopped,
          nrook_mini_backslash, grunt_ministairs_15, minmay_misc_feat_chi,
          minmay_three_doors
Depths:2: evilmike_halls_of_destruction, abyss_entry, hell_entry,
          minmay_fountain_box, roderic_malta_cross, hangedman_summoners_spam,
          infiniplex_staircase_pillars_2
Depths:3: cell_vault, grunt_pan_entry_sceptre, hell_entry, roderic_whirl,
          stair_cage_line, kennysheep_opposing_triangles,
          infiniplex_staircase_door_maze, uniq_enchantress
Depths:4: grunt_arcs, pf_hell_entry_great_geh, minmay_misc_feat_cross,
          pan_entry, serial_sigils, serial_sigils_hangedman_shear,
          serial_sigils_hangedman_etch, serial_sigils_hangedman_shear,
          abyss_entry, corexii_hall_statues_t, serial_bayou_shore_b
Depths:5: grunt_zot_entry_gee_three, hell_entry,
          hangedman_abyss_or_decor_jellyfish_corner, uniq_jorgrun
Zot:3:    lemuel_halls_of_wrath, uniq_tiamat
Abyss:1:  guppyfry_abyss_exit_imp_island
Abyss:2:  minivault_23
Abyss:3:  hangedman_grunt_abyss_rune_horror_hoard
Lab:      labyrinth_spiral, nicolae_lab_stuck, nicolae_lab_grate_2

Skill      XL: |  1  2  3  4  5  6  7  8  9 10 11 12 13 14 15 16 17 18 19 20 21 22 23 24 |
---------------+-------------------------------------------------------------------------+-----
Fighting       | 4 5 6 7 9 10 11 12 14 15 16 17 18 19 20 21 22 23 24 25 | 25.8
Axes           | 4 5 6 8 9 11 13 15 16 18 19 21 22 23 24 25 26 | 26.2
Armour         | 4 7 9 10 12 13 15 16 18 19 20 21 22 23 24 | 24.1
Dodging        | 5 7 8 10 12 14 15 17 18 19 20 | 20.9

Action                   |  1- 3 |  4- 6 |  7- 9 | 10-12 | 13-15 | 16-18 | 19-21 | 22-24 || total
-------------------------+-------+-------+-------+-------+-------+-------+-------+-------++-------
Melee: Hand axe          |    80 |   128 |   200 |       |       |       |       |       ||   408
       Headbutt          |    11 |    20 |    70 |   111 |   165 |   329 |   566 |   423 ||  1695
       Broad axe         |       |       |    67 |       |       |       |       |       ||    67
       War axe           |       |       |    29 |    80 |       |       |       |       ||   109
       Battleaxe         |       |       |       |   408 |       |  1105 |  1885 |  1263 ||  4661
       Executioner's axe |       |       |       |    69 |   870 |   390 |       |       ||  1329
Invok: Berserk           |     1 |     2 |     4 |    10 |    13 |    12 |     5 |     7 ||    54
       Burn Spellbooks   |       |     1 |       |     4 |     6 |     1 |     1 |       ||    13
       Trog's Hand       |       |       |       |     1 |     3 |     6 |     7 |    13 ||    30
       Brothers in Arms  |       |       |       |       |     1 |     3 |       |     5 ||     9
Evoke: Wand              |       |       |       |     1 |       |       |       |     1 ||     2
  Use: Scroll            |       |       |       |    17 |    13 |    10 |     8 |    18 ||    66
       Potion            |       |       |       |     2 |       |     3 |     2 |     9 ||    16
 Stab: Distracted        |       |       |       |       |       |     1 |       |       ||     1
  Eat: Chunk             |     1 |     9 |    12 |    33 |    68 |    72 |    76 |    49 ||   320
       Pizza             |       |       |       |     1 |     1 |       |       |       ||     2
       Beef jerky        |       |       |       |     3 |     2 |       |       |       ||     5
       Royal jelly       |       |       |       |     1 |       |       |       |       ||     1
Armor: Ring mail         |    26 |    47 |    43 |       |       |       |       |       ||   116
       Chain mail        |       |       |    71 |   100 |       |       |       |       ||   171
       Plate armour      |       |       |       |   229 |   270 |       |       |       ||   499
       Crystal plate arm |       |       |       |       |   448 |  1282 |  1248 |   939 ||  3917
Dodge: Dodged            |    52 |    69 |   117 |   229 |   374 |   695 |  1000 |   950 ||  3486
